 Dungeon Crawl Stone Soup version 0.13-a0-1638-g9943704 (webtiles) character file.

634 Koal the Ruffian (level 6, -5/57 HPs)
             Began as a Troll Warper on June 17, 2013.
             Was an Initiate of Ashenzari.
             Slain by a wyvern (17 damage)
             ... on Level 5 of the Dungeon.
             The game lasted 00:16:11 (3200 turns).

Koal the Ruffian (Troll Warper)                     Turns: 3200, Time: 00:16:11

HP  -5/57        AC  6     Str 20      XL: 6   Next: 64%
MP   4/4         EV 10     Int 11      God: Ashenzari [......]
Gold 209         SH  0     Dex  9      Spells:  4 memorised,  0 levels left

Res.Fire  : . . .   See Invis. : .     - Unarmed
Res.Cold  : . . .   Warding    : .   v - +1 robe
Life Prot.: . . .   Conserve   : .   (shield restricted)
Res.Poison: .       Res.Corr.  : .   (helmet restricted)
Res.Elec. : .       Clarity    : +   (no cloak)
Sust.Abil.: . .     Spirit.Shd : .   (gloves unavailable)
Res.Mut.  : .       Stasis     : .   (boots unavailable)
Res.Rott. : .       Flight     : .   C - amulet of clarity
Gourmand  : +                        (no ring)
                                     (no ring)

@: slightly resistant to hostile enchantments, very unstealthy
A: unfitting armour, claws 3, fast metabolism 3, gourmand, regeneration 2,
saprovore 2, tough skin 2, AC +1
a: Renounce Religion


You were on level 5 of the Dungeon.
You worshipped Ashenzari.
Ashenzari was pleased with you.
You were very full.

You visited 2 branches of the dungeon, and saw 6 of its levels.

You collected 159 gold pieces.

Inventory:

Hand weapons
 b - a +2,+1 sling
Missiles
 e - 49 darts (quivered)
 f - 10 darts of dispersal {=f}
 l - 33 sling bullets
 r - a throwing net {=f}
 A - 5 needles of slowing
 Z - 19 stones
Armour
 v - a +1 robe (worn)
Comestibles
 a - 4 meat rations
 z - 3 bread rations
Scrolls
 d - 2 scrolls of blinking
 h - 2 scrolls of fear
 i - 2 scrolls of teleportation
Jewellery
 C - an amulet of clarity (around neck)
Potions
 k - a potion of might
 m - 2 potions of heal wounds
 n - 3 potions of speed
 s - a potion of curing {unknown}
 w - 2 potions of poison {unknown}
 x - a potion of invisibility {unknown}
Books
 c - a book of Spatial Translocations

   Spells                             Type                      Level
   *Apportation                       Translocation                1
   *Portal Projectile                 Translocation                2
   *Blink                             Translocation                2
   *Shroud of Golubria                Charms/Translocation         2
   Teleport Other                     Translocation                3
   Passage of Golubria                Translocation                4
Magical staves
 g - an uncursed staff of summoning


   Skills:
 - Level 1.5 Fighting
 + Level 3.1 Throwing
 - Level 1.9 Dodging
 - Level 5.0 Unarmed Combat
 - Level 1.2 Spellcasting
 + Level 0.2 Charms
 * Level 3.5 Translocations


You couldn't memorise any spells.
You knew the following spells:

 Your Spells              Type           Power        Failure   Level  Hunger
a - Apportation           Tloc           #.........   10%         1    ##.....
b - Blink                 Tloc           N/A          14%         2    ###....
c - Shroud of Golubria    Chrm/Tloc      #.........   24%         2    ###....
d - Portal Projectile     Tloc           #.....       14%         2    ###....


Dungeon Overview and Level Annotations

Branches:
Dungeon (5/27)             Temple (1/1) D:4

Altars:
Ashenzari
Elyvilon
Fedhas
Kikubaaqudgha
Makhleb
Nemelex Xobeh
Sif Muna
Vehumet
Xom
Zin
the Shining One


Innate Abilities, Weirdness & Mutations

You are too large for most types of armour.
You have claws for hands.
Your metabolism is lightning-fast.
You like to eat raw meat.
You heal very quickly.
You can eat rotten meat.
You are covered in fur (AC +1).
You have very tough skin (AC +2).


Message History

The wyvern bites you. The wyvern bites you!
You hit the wyvern. You claw the wyvern.
The wyvern is heavily wounded.
The wyvern barely misses you.
You barely miss the wyvern.
The wyvern is heavily wounded.
The wyvern bites you!
You barely miss the wyvern.
The wyvern is heavily wounded.
The wyvern barely misses you.
The wyvern is no longer bleeding.
The wyvern bites you!
* * * LOW HITPOINT WARNING * * *
You barely miss the wyvern.
The wyvern is heavily wounded.
The wyvern misses you.
You claw the wyvern!
The wyvern begins to bleed from its wounds!
The wyvern is almost dead.
The wyvern bites you!
You die...

#.#.#.#.#.#.#.#.#####....
#.#.#.#.#.#.#.#.#)####.#
#.#.#.#.#.#.#.#.#)..#.#
#.#.#.#.#.#.#.#.##.#.#
#.#.#.#.#.#.#.#...#.#
#.#.# #.#.#.#.<###.#
#.#.# #.#.#.##..#.# #.#.#
#.#.#......# #.#
#.#@#.....# #
#.#.#D##...# .#.#.#.....#
#.#.#.##..## #.#.#.#
..>(.. #.#.#.# ..###...
#.#.# ...# .. #.# ...# #
#....


You could see a wyvern (bleeding).

Vanquished Creatures
  Eustachio (D:4)
  The ghost of kroupouk the Twirler, an average DsGl (D:3)
  An orc priest (D:4)
  A worker ant (D:3)
  An orc wizard (D:4)
  Jessica (D:3)
  A jelly (D:5)
  An adder (D:3)
  2 giant mites (D:2)
  A worm (D:3)
  A grey rat (D:4)
  3 oozes
  2 giant geckos
  4 orcs
  5 bats
  4 giant cockroaches
  5 hobgoblins
  5 jackals
  A ball python skeleton (D:5)
  3 giant newts
  6 goblins
  A hobgoblin skeleton (D:4)
  11 kobolds
  7 rats
  3 toadstools (D:1)
72 creatures vanquished.

Vanquished Creatures (others)
  A rat (D:1)
  A toadstool (D:1)
2 creatures vanquished.

Grand Total: 74 creatures vanquished

Notes
Turn   | Place    | Note
--------------------------------------------------------------
     0 | D:1      | Koal, the Troll Warper, began the quest for the Orb.
     0 | D:1      | Reached XP level 1. HP: 19/19 MP: 1/1
   239 | D:1      | Reached XP level 2. HP: 27/27 MP: 1/1
   243 | D:1      | Learned a level 2 spell: Blink
   288 | D:1      | Reached skill level 3 in Unarmed Combat
   994 | D:2      | Noticed an ogre
  1015 | D:2      | Reached XP level 3. HP: 30/33 MP: 2/2
  1298 | D:2      | Reached skill level 1 in Throwing
  1579 | D:3      | Noticed Jessica
  1585 | D:3      | Killed Jessica
  1585 | D:3      | Reached skill level 4 in Unarmed Combat
  1585 | D:3      | Reached XP level 4. HP: 34/41 MP: 3/3
  1804 | D:3      | Noticed kroupouk's ghost (average DsGl)
  1844 | D:3      | Killed kroupouk's ghost
  1844 | D:3      | Reached skill level 5 in Unarmed Combat
  1844 | D:3      | Reached XP level 5. HP: 17/48 MP: 3/3
  1951 | D:3      | Learned a level 2 spell: Portal Projectile
  2351 | D:4      | Noticed Eustachio
  2374 | D:4      | Killed Eustachio
  2374 | D:4      | Reached XP level 6. HP: 38/57 MP: 4/4
  2517 | D:4      | Found a staircase to the Ecumenical Temple.
  2530 | Temple   | Entered the Ecumenical Temple
  2585 | Temple   | Became a worshipper of Ashenzari the Shackled
  2621 | D:4      | Learned a level 2 spell: Shroud of Golubria
  3089 | D:5      | Entered Level 5 of the Dungeon
  3184 | D:5      | Noticed a wyvern
  3200 | D:5      | Slain by a wyvern

Action                   |  1- 3 |  4- 6 || total
-------------------------+-------+-------++-------
Melee: Unarmed           |    88 |   120 ||   208
 Fire: Sling             |       |    12 ||    12
Throw: Dart              |    32 |    24 ||    56
  Use: Scroll            |       |    10 ||    10
